 Dungeon Crawl Stone Soup version 0.29.1-2-gbd0b4ee654 (webtiles) character file.

Game seed: 10196411229275253690

221 Ivernyr the Insei (level 5, -6/33 HPs)
             Began as an Octopode Transmuter on Oct 29, 2022.
             Mangled by Crazy Yiuf
             ... wielding a +3 quarterstaff of chaos
              (7 damage)
             ... on level 3 of the Dungeon.
             The game lasted 00:05:15 (2657 turns).

Ivernyr the Insei (Octopode Transmuter)             Turns: 2657, Time: 00:05:16

Health: -6/33      AC:  2    Str:  9    XL:     5   Next: 98%
Magic:  8/10       EV: 20    Int: 17    God:
Gold:   178        SH:  0    Dex: 18    Spells: 5/11 levels left

rFire   . . .      SeeInvis .     - Unarmed
rCold   . . .      Faith    .   (shield currently unavailable)
rNeg    . . .      Spirit   .   (helmet currently unavailable)
rPois   x          Reflect  .   (no amulet)
rElec   .          Harm     .   (no ring)
rCorr   .          Rampage  .   (no ring)
Will    .....                   (no ring)
Stlth   ++........              (no ring)
HPRegen 0.11/turn               (no ring)
MPRegen 0.12/turn               (no ring)
                                (no ring)
                                (no ring)

@: lethally poisoned (-6 -> -34), spider-form (expiring)
A: venomous fangs, almost no armour, (amphibious), 8 rings, tiny, (camouflage
1), (gelatinous body 1), (nimble swimmer 1), (tentacles)
a: End Transformation


You were on level 3 of the Dungeon.
You were a venomous arachnid creature.
You visited 1 branch of the dungeon, and saw 3 of its levels.

You collected 178 gold pieces.

Inventory:

Scrolls
 b - a scroll of amnesia {unknown}
 c - a scroll of magic mapping {unknown}
 e - 2 scrolls of identify {unknown}
 f - 2 scrolls of fear {unknown}
 g - a scroll of torment {unknown}
 k - 3 scrolls of teleportation {unknown}
 l - a scroll of silence {unknown}
 n - a scroll of blinking {unknown}
 o - 2 scrolls of enchant armour {unknown}
Potions
 a - 5 potions of lignification
 d - a potion of attraction {unknown}
 h - a potion of heal wounds {unknown}
 i - 2 potions of curing {unknown}
 j - a potion of flight {unknown}
 m - a potion of ambrosia {unknown}


   Skills:
 - Level 1.0 Fighting
 + Level 3.1 Dodging
 + Level 3.8 Unarmed Combat
 * Level 3.6 Spellcasting
 + Level 3.3 Transmutations


You had 5 spell levels left.
You knew the following spells:

 Your Spells              Type           Power      Damage    Failure   Level
a - Beastly Appendage     Tmut           28%        N/A       13%         1
b - Wereblood             Tmut           14%        N/A       17%         2
c - Spider Form           Tmut/Pois      8%         N/A       45%         3

Your spell library contained the following spells:

 Spells                   Type           Power      Damage    Failure   Level
 Passwall                 Tmut/Erth      6%         N/A       28%         2
 Magic Dart               Conj           12%        1d3       36%         1
 Sandblast                Erth           6%         2d5       36%         1
 Call Imp                 Summ           3%         N/A       47%         2
 Ensorcelled Hibernation  Hex/Ice        6%         N/A       47%         2
 Sublimation of Blood     Necr           3%         N/A       47%         2
 Mephitic Cloud           Conj/Pois/Air  3%         N/A       67%         3
 Stone Arrow              Conj/Erth      6%         3d7       67%         3
 Ice Form                 Ice/Tmut       8%         N/A       82%         4
 Petrify                  Tmut/Erth      8%         N/A       82%         4
 Anguish                  Hex/Necr       1%         N/A       95%         4
 Irradiate                Conj/Tmut      4%         3d13      98%         5


Dungeon Overview and Level Annotations

Branches:
Dungeon (3/15)

Altars:

Annotations:
D:3 Crazy Yiuf


Innate Abilities, Weirdness & Mutations

You are a venomous arachnid creature.
You have poisonous fangs.
You are tiny and dextrous.
Your spellcasting is less reliable in this form.
Your armour is entirely melded.
You are incapable of wielding weapons or throwing items.
You cannot wear most types of armour.
((You are amphibious.))
You can wear up to eight rings at the same time.
((Your skin changes colour to match your surroundings (Stealth+).))
((Your rubbery body absorbs attacks. (AC +1, EV +1)))
((You are camouflaged when in or above water. (Stealth+)))
((You have tentacles for arms and can constrict up to eight enemies at once.))


Message History

You kill the kobold!
You now have 178 gold pieces (gained 3).
Things that are here:
a +0 whip; 2 stones; a kobold corpse You see here a +0 ring mail.
There is an open door here.
Found a hammer.
Found a runed translucent door.
You open the door.
There is an open translucent door here.
Casting: Wereblood (safe; 6% risk of failure)
Confirm with . or Enter, or press ? or * to list all spells.
The spell is quite dangerous to miscast (24% risk of failure)!
Continue anyway?
Uppercase [Y]es or [N]o only, please.
The spell is quite dangerous to miscast (24% risk of failure)!
Continue anyway?
You turn into a venomous arachnid creature.
The helpless Crazy Yiuf fails to defend himself.
You hit Crazy Yiuf.
Crazy Yiuf is poisoned.
Crazy Yiuf is lightly wounded.
You barely miss Crazy Yiuf.
Crazy Yiuf is lightly wounded.
Crazy Yiuf zaps a wand.
You resist with some effort.
You hit Crazy Yiuf.
Crazy Yiuf looks as sick as possible!
Crazy Yiuf is moderately wounded.
Crazy Yiuf hits you with a +3 quarterstaff of chaos!
You are poisoned.
You hit Crazy Yiuf.
Crazy Yiuf looks as sick as possible!
Crazy Yiuf is severely wounded.
You feel very sick.
Crazy Yiuf hits you with a +3 quarterstaff of chaos!
* * * LOW HITPOINT WARNING * * *
You are more poisoned.
You hit Crazy Yiuf.
Crazy Yiuf looks as sick as possible!
Crazy Yiuf is almost dead.
Your transformation is almost over.
* * * LOW HITPOINT WARNING * * *
You feel extremely sick. Crazy Yiuf misses you.
Crazy Yiuf attacks as you move away!
Crazy Yiuf hits you with a +3 quarterstaff of chaos!
You die...

#..........+............#
#..........####...####..#
##..........####.........#
...................#.....#
######################.#.#
......# #..# #.#.#
.####+###'## ##### #.#.#
...........# #)g.#
#.#.######## ........[..#
#.s.# #.#.........
...........# #...#
#.########## ...........#
##'## #.# .#'#...#####
#.## #.# .#.#.#.###.# ##.#
#.# .#.#<#.##).# #.## #.#
.#.#.#.....# ##.# #.#
.#.####....# ##.## #.##
.#.#.......# ##...# #..#


You could see Crazy Yiuf (extremely poisoned).

Vanquished Creatures
  Sigmund (D:2)
  2 adders
  A dart slug (D:1)
  An endoplasm (D:1)
  4 goblins
  3 hobgoblins
  6 jackals
  4 quokkas (D:2)
  3 ball pythons
  5 bats
  2 frilled lizards
  5 kobolds
  4 rats
41 creatures vanquished.

Notes
Turn   | Place    | Note
-------+----------+-------------------------------------------
     0 | D:1      | Ivernyr the Octopode Transmuter began the quest for the
                  | Orb.
     0 | D:1      | Reached XP level 1. HP: 13/13 MP: 3/3
   570 | D:1      | Reached XP level 2. HP: 18/18 MP: 3/5
   578 | D:1      | Learned a level 2 spell: Wereblood
  1181 | D:2      | Found a faded altar of an unknown god.
  1225 | D:2      | Reached XP level 3. HP: 20/23 MP: 3/6
  1258 | D:2      | Learned a level 3 spell: Spider Form
  1321 | D:2      | Noticed Sigmund
  1342 | D:2      | Killed Sigmund
  1343 | D:2      | Reached XP level 4. HP: 20/28 MP: 2/9
  1343 | D:2      | Reached XP level 5. HP: 24/33 MP: 2/10
  2643 | D:3      | Found a runed translucent door.
  2644 | D:3      | Noticed Crazy Yiuf
  2656 | D:3      | HP: 1/33 [poisoned by Crazy Yiuf]
  2657 | D:3      | Mangled by Crazy Yiuf

Illustrated notes

Levels and vault maps discovered:
D:1:      dpeg_arrival_chambers_temple_mockup, layout_rooms
D:2:      layout_rooms, nicolae_ecumenical_oubliette,
          chequers_serial_rivers_small_b, minmay_tetromino_l2, uniq_sigmund
D:3:      layout_basic, uniq_crazy_yiuf_cottage

Skill      XL: |  1  2  3 |
---------------+----------+-----
Dodging        | 3 |  3.1
Spellcasting   | 3 |  3.6
Transmutations | 3 |  3.3
Fighting       | |  1.0
Unarmed Combat | |  3.8

Action                   |  1- 3 |  4- 6 || total
-------------------------+-------+-------++-------
Melee: Unarmed           |    54 |    47 ||   101
       Tentacles         |     4 |     7 ||    11
       Constrict         |     9 |     8 ||    17
       Kick              |     8 |     1 ||     9
       Punch             |       |     1 ||     1
Throw: Boomerang         |    11 |       ||    11
 Cast: Beastly Appendage |     2 |     1 ||     3
       Wereblood         |     1 |     1 ||     2
       Spider Form       |     2 |     1 ||     3
 Stab: Sleeping          |     2 |     8 ||    10
Armor: Skin              |     5 |     5 ||    10
Dodge: Dodged            |    38 |    24 ||    62
